 Dungeon Crawl Stone Soup version 0.29-a0-330-g52719c12eb (webtiles) character file.

Game seed: 8264096235912502488

5 Ajdolov the Sneak (level 1, 0/22 HPs)
             Began as a Troll Delver on Apr 15, 2022.
             Slain by a gnoll shaman
             ... wielding a +0 whip of freezing
              (3 damage)
             ... on level 5 of the Dungeon.
             The game lasted 00:00:18 (76 turns).

Ajdolov the Sneak (Troll Delver)                      Turns: 76, Time: 00:00:18

Health: 0/22       AC:  4    Str: 19    XL:     1   Next: 66%
Magic:  0/0        EV:  9    Int:  6    God:
Gold:   0          SH:  0    Dex: 11    Spells: 0/0 levels left

rFire   . . .      SeeInvis .     - Unarmed
rCold   . . .      Faith    .   (no shield)
rNeg    . . .      Spirit   .   a - +0 robe
rPois   .          Reflect  .   (helmet restricted)
rElec   .          Harm     .   (no cloak)
rCorr   .          Rampage  .   (gloves unavailable)
Will    .....                   (boots unavailable)
Stlth   ++........              (no amulet)
HPRegen 0.87/turn               (no ring)
MPRegen 0.07/turn               (no ring)

@: no status effects
A: large, unfitting armour, claws 3, regeneration 1, shaggy fur 1, tough skin 1
a: no special abilities


You were on level 5 of the Dungeon.
You visited 1 branch of the dungeon, and saw 1 of its levels.

Inventory:

Armour
 a - a +0 robe (worn)
Wands
 f - a wand of digging (3)
Scrolls
 b - a scroll of fog
 c - a scroll of magic mapping
 d - a scroll of fear
 g - a scroll of identify {unknown}
Potions
 e - a potion of haste
 h - a potion of might {unknown}
 i - a potion of flight {unknown}


   Skills:
 + Level 2.5 Fighting
 - Level 1.5 Dodging
 - Level 2.7 Stealth
 * Level 2.3 Unarmed Combat


You couldn't memorise any spells.
You didn't know any spells.
Your spell library contained the following spells:

 Spells                   Type           Power      Damage    Failure   Level
 Animate Skeleton         Necr           0%         N/A       45%         1
 Pain                     Necr           0%         1d4       45%         1
 Vampiric Draining        Necr           0%         2d6       83%         3


Dungeon Overview and Level Annotations

Branches:
Dungeon (5/15)
 Temple: D:4-7

Altars:


Innate Abilities, Weirdness & Mutations

You are too large for most types of armour.
You have claws for hands.
Your natural rate of healing is unusually fast.
You are covered in fur. (AC +1)
You have tough skin. (AC +1)


Message History

Welcome, Ajdolov the Troll Delver.
Will you prevail where others failed? Will you find the Orb of Zot?
Press ? for a list of commands and other information.
Found a book of Necromancy.
Found a stone staircase leading down.
An ufetubus comes into view.
The ufetubus shouts!
You claw the ufetubus!
You kill the ufetubus!
No target in view!
You pick up a book of Necromancy and begin reading...
You add the spells Pain, Animate Skeleton and Vampiric Draining to your library.
g - a scroll labelled DOFOOGHETOM
h - a fizzy black potion
i - a sedimented silvery potion A gnoll comes into view.
It is wielding a +0 club.
A gnoll shaman comes into view. It is wielding a +0 whip of freezing.
Found a ring mail.
The gnoll shouts!
You hear a shout! x2
You start waiting.
A gnoll shaman is nearby!
A gnoll comes into view.
It is wielding a +0 whip and quivering poisoned darts.
The gnoll shaman hits you with a +0 whip of freezing!
Ouch! That really hurt!
The gnoll shaman freezes you.
* * * LOW HITPOINT WARNING * * *
Unknown command.
A gnoll comes into view. It is wielding a +0 flail.
You closely miss the gnoll.
The gnoll shouts!
A gnoll comes into view. It is wielding a +1 spear of freezing.
The gnoll barely misses you.
Unknown command.
You barely miss the gnoll shaman.
Unknown command.
You barely miss the gnoll shaman. The gnoll hits you with a +0 whip.
* * * LOW HITPOINT WARNING * * *
The gnoll shaman hits you with a +0 whip of freezing.
You die...

#....................#
##.>.................#
##..................#
#####.............##
###.....#.....## #.
#..g.########## [
###.##.g# . ##...###g#
#. #.g####@.#
#.###.###.g.##
#......##g###
###....##g #....##
##..## ...# #.#..
#.####


You could see a gnoll shaman and 4 gnolls.

Vanquished Creatures
  An ufetubus (D:5)
1 creature vanquished.

Notes
Turn   | Place    | Note
-------+----------+-------------------------------------------
     0 | D:5      | Ajdolov the Troll Delver began the quest for the Orb.
     0 | D:5      | Reached XP level 1. HP: 22/22 MP: 0/0
    52 | D:5      | Noticed a gnoll shaman
    76 | D:5      | Slain by a gnoll shaman

Illustrated notes

Levels and vault maps discovered:
D:5:      layout_rooms, demons_altar, mainiacjoe_overflow_divided_tiny,
          uniq_prince_ribbit1, uniq_edmund, uniq_crazy_yiuf_cottage

Action                   || total
-------------------------++-------
Melee: Unarmed           ||     4
Dodge: Dodged            ||     1

Table legend: (Time is in decaauts)
 A = Elapsed time spent in this place.
 B = Non-inter-level travel time spent in this place.
 C = Inter-level travel time spent in this place.
 D = Time resting spent in this place.
 E = Time spent auto-exploring this place.
 F = Levels seen in this place.
 G = Mean time per level.
                   A        B        C        D        E       F      G
               +--------+--------+--------+--------+--------+-----+--------+
         Total |     75 |     75 |      0 |      5 |     43 |   1 |   75.0 |
       Dungeon |     75 |     75 |      0 |      5 |     43 |   1 |   75.0 |
               +--------+--------+--------+--------+--------+-----+--------+

Top non-repeatable levels by time:
     D:5: 75 daAuts
